 Dungeon Crawl Stone Soup version 0.30-a0-364-gf6b3ef1049 (webtiles) character file.

Game seed: 12775505993685821156

302 mcwallace the Sneak (level 6, -2/44 HPs)
             Began as a Vampire Enchanter on Nov 15, 2022.
             Was a Believer of Uskayaw.
             Slain by a necrophage (3 damage)
             ... on level 4 of the Dungeon.
             The game lasted 00:06:16 (3674 turns).

mcwallace the Sneak (Vampire Enchanter)             Turns: 3674, Time: 00:06:16

Health: -2/44      AC:  5    Str:  7    XL:     6   Next: 14%
Magic:  0/10       EV: 13    Int: 18    God:    Uskayaw [**....]
Gold:   262        SH:  0    Dex: 16    Spells: 3/11 levels left

rFire   + . .      SeeInvis +    E - +1 dagger (venom) {short}
rCold   . . .      Faith    .    (no shield)
rNeg    . . .      Spirit   +    L - +2 robe {rF+}
rPois   .          Reflect  .    (no helmet)
rElec   .          Harm     .    (no cloak)
rCorr   .          Rampage  .    (no gloves)
Will    .....                    P - +0 pair of boots
Stlth   +++.......               m - amulet of guardian spirit
HPRegen 0.47/turn                x - ring of wizardry
MPRegen 0.12/turn                (no ring)

@: lethally poisoned (-2 -> -4), healing quickly, hasted, very quick
A: alive, fangs 3, see invisible, vampiric 2
a: Exsanguinate, Renounce Religion, Stomp, Line Pass


You were on level 4 of the Dungeon.
You worshipped Uskayaw.
Uskayaw was noncommittal.
You visited 2 branches of the dungeon, and saw 5 of its levels.

You collected 262 gold pieces.


Innate Abilities, Weirdness & Mutations

Your natural rate of healing is accelerated.
You have razor-sharp teeth.
You have supernaturally acute eyesight. (SInv)
You are afflicted with vampirism and can become a bat while bloodless.


   Skills:
 + Level 1.9 Fighting
 + Level 2.9 Short Blades
 + Level 3.5 Dodging
 + Level 5.8 Stealth
 + Level 3.0 Spellcasting
 + Level 5.6 Hexes
 + Level 0.3 Invocations


You had 3 spell levels left.
You knew the following spells:

 Your Spells              Type           Power      Damage    Failure   Level
a - Ensorcelled Hibernat  Hex/Ice        24%        N/A       3%          2
b - Tukima's Dance        Hex            23%        N/A       1%          3
c - Dazzling Flash        Conj/Hex       24%        N/A       6%          3

Your spell library contained the following spells:

 Spells                   Type           Power      Damage    Failure   Level
 Confusing Touch          Hex            23%        N/A       1%          3
 Freeze                   Ice            8%         1d3       6%          1
 Necrotise                Necr           8%         1d4       6%          1
 Portal Projectile        Hex/Tloc       24%        N/A       6%          3
 Call Canine Familiar     Summ           2%         N/A       19%         3
 Frozen Ramparts          Ice            4%         1d1       19%         3
 Hailstorm                Conj/Ice       2%         3d3       19%         3
 Vampiric Draining        Necr           2%         2d6       19%         3
 Leda's Liquefaction      Hex/Erth       6%         N/A       21%         4
 Ice Form                 Ice/Tmut       2%         N/A       52%         4
 Agony                    Necr           2%         N/A       85%         5
 Simulacrum               Ice/Necr       1%         N/A       100%        6

Inventory:

Hand Weapons
 a - a +1 dagger {short}
 E - a +1 dagger of venom (weapon) {short}
   (You found it on level 3 of the Dungeon)
Missiles
 n - 26 stones (quivered) {throwing}
 A - 7 poisoned darts {throwing}
 N - 2 curare-tipped darts {=fthrowing}
Armour
 b - a +0 robe
 r - a +0 robe
   (You found it on level 2 of the Dungeon)
 s - a +0 ring mail
   (You found it on level 2 of the Dungeon)
 t - a +0 ring mail
   (You found it on level 2 of the Dungeon)
 v - a +0 ring mail
   (You found it on level 2 of the Dungeon)
 y - a +0 robe
   (You found it on level 2 of the Dungeon)
 z - a +0 robe
   (You found it on level 2 of the Dungeon)
 C - a +0 robe
   (You found it on level 3 of the Dungeon)
 D - a +0 plate armour
   (You found it on level 3 of the Dungeon)
 F - a +0 scale mail
   (You found it on level 3 of the Dungeon)
 G - a +0 ring mail
   (You found it on level 3 of the Dungeon)
 H - a +0 robe
   (You found it on level 3 of the Dungeon)
 I - a +0 robe
   (You found it on level 3 of the Dungeon)
 K - a +0 leather armour
   (You took it off an orc on level 3 of the Dungeon)
 L - a +2 robe of fire resistance (worn)
   (You took it off an orc wizard on level 3 of the Dungeon)
 M - a +0 robe
   (You took it off an orc wizard on level 3 of the Dungeon)
 P - a +0 pair of boots (worn)
   (You found it on level 4 of the Dungeon)
Jewellery
 i - an amulet of the acrobat
   (You found it on level 1 of the Dungeon)
 m - an amulet of guardian spirit (around neck)
   (You found it on level 1 of the Dungeon)
 x - a ring of wizardry (left hand)
   (You found it on level 2 of the Dungeon)
 O - an amulet of reflection
   (You found it on level 4 of the Dungeon)
Scrolls
 e - a scroll of blinking {unknown}
 g - 2 scrolls of enchant armour {unknown}
 h - 2 scrolls of fog {unknown}
 k - 5 scrolls of identify {unknown}
 w - a scroll of silence {unknown}
 B - a scroll of vulnerability {unknown}
 Q - a scroll of amnesia {unknown}
Potions
 c - 2 potions of invisibility
 d - a potion of ambrosia {unknown}
 f - a potion of haste {@q3}
 j - 2 potions of curing {unknown}
 l - 2 potions of mutation {unknown}
 o - 2 potions of might {unknown}
 p - a potion of berserk rage {unknown}
 q - a potion of flight {unknown}
 u - a potion of heal wounds {unknown}
 J - 2 potions of lignification {unknown}

Dungeon Overview and Level Annotations

Branches:
Dungeon (4/15) Zot: 20537  Temple (1/1) D:4 Zot: 5817

Altars:
Ashenzari
Dithmenos
Fedhas
Gozag
Hepliaklqana
Kikubaaqudgha
Makhleb
Nemelex Xobeh
Qazlal
Ru
Sif Muna
Trog
Uskayaw
Vehumet
Wu Jian
Yredelemnul

...###...##...
#............
n#............
.#............
...###...##... .##
#......## # .# #...#..#
###.#.####.# ##.##..#
......)@n..######.##.##
..####)##.<..........#
#. #..##.#...##.# #.
#.........##)### #.
#..#.#.#...#.##. #.
#....#.###...##. ..
#...##...###....
#######...#........#..
.........##..>..##....


You could see a necrophage.


Message History

The orc closely misses you.
The orc shouts!
You hit the orc.
The orc is poisoned.
You hear a shout! x2
The orc barely misses you. The orc hits you with a +0 dagger.
An orc comes into view.
It is wielding a +1 dagger of venom. 😕 HP[-3] MP[-1]
You take 3 damage, and now have 41/44 hp.
You lost 1 mp, and now have 9/10 mp.
The orc shouts!
You hit the orc.
The orc looks as sick as possible!
You bite the orc.
You kill the orc!
The orc hits you but does no damage.
You hit the orc but do no damage.
The orc is poisoned.
An orc comes into view. It is wielding a +0 flail.
The orc closely misses you. The orc barely misses you.
You barely miss the orc. The orc hits you with a +0 dagger.
The orc hits you but does no damage.
You are poisoned.
An orc comes into view.
It is wielding a +0 short sword. 😕 HP[-2]
You take 2 damage, and now have 39/44 hp.
You hit the orc.
The orc looks as sick as possible!
You feel sick.
You kill the orc!
The orc hits you but does no damage.
You are more poisoned. 😕 HP[-2]
You take 2 damage, and now have 37/44 hp.
You hit the orc.
The orc is poisoned.
You feel very sick. The ball python barely misses you.
The ball python grabs you. The ball python constricts you.
The orc misses you. 😕 HP[-2]
You take 2 damage, and now have 35/44 hp.
You hit the ball python.
You kill the ball python!
You feel sick. 😮 HP[-2]
You take 2 damage, and now have 33/44 hp.
You hit the orc but do no damage. Your bite misses the orc.
You feel sick. The orc closely misses you. 😮 HP[-2]
You take 2 damage, and now have 31/44 hp.
You barely miss the orc.
You feel sick. The orc hits you but does no damage.
You are more poisoned.
The orc hits you with a +0 flail. 😮 HP[-3] MP[-1]
You take 3 damage, and now have 28/44 hp.
You lost 1 mp, and now have 8/10 mp.
You hit the orc but do no damage.
The orc looks as sick as possible!
You feel very sick.
You kill the orc!
The orc hits you with a +0 flail.
The necrophage closely misses you. 😮 HP[-5] MP[-1]
You take 5 damage, and now have 23/44 hp.
You lost 1 mp, and now have 7/10 mp.
You hit the orc.
The orc is poisoned.
You feel very sick. The orc misses you. The orc closely misses you.
The necrophage barely misses you. 😨 HP[-3] MP[+1]
You take 3 damage, and now have 20/44 hp.
You barely miss the orc. Your bite misses the orc.
You feel sick. The orc barely misses you. The orc misses you.
The necrophage hits you.
* * * LOW HITPOINT WARNING * * *
😨 HP[-5] MP[-1]
You take 5 damage, and now have 15/44 hp.
You lost 1 mp, and now have 7/10 mp.
You hit the orc.
The orc is poisoned.
You bite the orc.
You feel sick. 😨 HP[-2]
You take 2 damage, and now have 13/44 hp.
You hit the orc.
You kill the orc!
You feel sick. The orc hits you with a +0 flail.
* * * LOW HITPOINT WARNING * * *
The necrophage closely misses you.
You can now pass through a line of other dancers. 😱 HP[-3] MP[-1]
You take 3 damage, and now have 10/44 hp.
You lost 1 mp, and now have 6/10 mp.
You barely miss the orc.
You feel sick. The orc hits you with a +0 flail.
* * * LOW HITPOINT WARNING * * *
The necrophage closely misses you. 😱 HP[-4] MP[-1]
You take 4 damage, and now have 6/44 hp.
You lost 1 mp, and now have 5/10 mp.
You hit the orc.
The orc looks as sick as possible!
Your bite misses the orc.
You feel sick.
You kill the orc!
The necrophage hits you!
* * * LOW HITPOINT WARNING * * *
😱 HP[-4] MP[-3]
You take 4 damage, and now have 2/44 hp.
You lost 3 mp, and now have 2/10 mp.
Okay, then.
It was a potion of haste.
You feel yourself speed up.
* * * LOW HITPOINT WARNING * * *
You feel sick. The necrophage hits you.
You die...

Skill      XL: |  1  2  3  4  5 |
---------------+----------------+-----
Fighting       | 1 |  1.9
Stealth        | 5 |  5.8
Short Blades   | 2 |  2.9
Hexes          | 5 |  5.6
Dodging        | 3 |  3.5
Spellcasting   | 3 |  3.0
Invocations    | |  0.3

Action                   |  1- 3 |  4- 6 || total
-------------------------+-------+-------++-------
Melee: Dagger            |   251 |   145 ||   396
       Bite              |    50 |    12 ||    62
       Punch             |     5 |     1 ||     6
 Cast: Ensorcelled Hiber |     3 |     4 ||     7
  Use: Potion            |       |     1 ||     1
 Stab: Sleeping          |    11 |     7 ||    18
       Distracted        |     1 |       ||     1
Armor: Robe              |    13 |    17 ||    30
Dodge: Dodged            |   119 |    83 ||   202

Levels and vault maps discovered:
D:1:      dpeg_arrival_shelter, layout_loops_cross, serial_forest,
          infiniplex_forest_corner_2, infiniplex_forest_clump_long,
          infiniplex_forest_end_double, infiniplex_forest_lined_room_,
          infiniplex_forest_clump_large, infiniplex_forest_clump_C,
          infiniplex_forest_clump_diagonal, minmay_box_of_dots
D:2:      cheibrodos_helix_gallery, layout_basic
D:3:      layout_basic, kennysheep_orc_sif_temple,
          grunt_temple_overflow_cloverleaf
D:4:      layout_loops_ring, minmay_temple_entry_slanted
Temple:   hellmonk_temple_forest_ring

Notes
Turn   | Place    | Note
-------+----------+-------------------------------------------
     0 | D:1      | mcwallace the Vampire Enchanter began the quest for the
                  | Orb.
     0 | D:1      | Reached XP level 1. HP: 13/13 MP: 3/3
     0 | D:1      | magus.rc [v1.9.6]
   107 | D:1      | Reached XP level 2. HP: 19/19 MP: 5/5
   422 | D:1      | Gained mutation: You are afflicted with vampirism and can
                  | become a bat while bloodless. [Vampire growth]
   422 | D:1      | Reached XP level 3. HP: 25/25 MP: 6/6
   657 | D:1      | You fall into a shaft and drop 1 floor!
  1184 | D:2      | Learned a level 2 spell: Ensorcelled Hibernation
  1188 | D:2      | Learned a level 3 spell: Tukima's Dance
  1415 | D:2      | Reached skill level 1 in Fighting
  1415 | D:2      | Reached skill level 5 in Stealth
  1418 | D:2      | Reached skill level 2 in Short Blades
  1426 | D:2      | Reached XP level 4. HP: 28/32 MP: 1/7
  1429 | D:2      | You pick up a book of Necromancy and begin reading...
  1429 | D:2      | You add the spells Necrotise, Vampiric Draining and Agony
                  | to your library.
  1561 | D:2      | You pick up a book of Frost and begin reading...
  1561 | D:2      | You add the spells Freeze, Frozen Ramparts and Hailstorm to
                  | your library.
  1698 | D:2      | Reached skill level 5 in Hexes
  1956 | D:3      | You pick up a book of the Hunter and begin reading...
  1956 | D:3      | You add the spells Call Canine Familiar, Portal Projectile
                  | and Leda's Liquefaction to your library.
  1961 | D:3      | Reached skill level 3 in Dodging
  2229 | D:3      | HP: 8/32 [poisoned by an adder]
  2234 | D:3      | HP: 5/32 [poisoned by an adder]
  2306 | D:3      | Found an ornate altar of the Wu Jian Council.
  2309 | D:3      | Found a broken altar of Ashenzari.
  2343 | D:3      | Found a hazy altar of Hepliaklqana.
  2618 | D:3      | Reached XP level 5. HP: 37/37 MP: 8/8
  2621 | D:3      | Found a shimmering blue altar of Sif Muna.
  2881 | D:4      | Found a staircase to the Ecumenical Temple.
  2890 | Temple   | Entered the Ecumenical Temple
  3054 | Temple   | Became a worshipper of Uskayaw the Reveller
  3085 | D:4      | Reached * piety under Uskayaw
  3378 | D:4      | Reached ** piety under Uskayaw
  3379 | D:4      | Reached skill level 3 in Spellcasting
  3379 | D:4      | Reached XP level 6. HP: 40/44 MP: 10/10
  3572 | D:4      | You pick up a book of the Tundra and begin reading...
  3572 | D:4      | You add the spells Ice Form and Simulacrum to your library.
  3577 | D:4      | Learned a level 3 spell: Dazzling Flash
  3671 | D:4      | HP: 10/44 [orc/+0 flail (3)]
  3673 | D:4      | HP: 2/44 [necrophage (4)]
  3674 | D:4      | Slain by a necrophage

Vanquished Creatures
  A necrophage (D:4)
  A hound (D:4)
  2 orc wizards (D:3)
  8 adders
  2 worms
  3 dart slugs
  6 orcs
  A bat (D:1)
  6 endoplasms
  3 giant cockroaches (D:2)
  6 goblins
  4 hobgoblins
  7 jackals (D:1)
  9 kobolds
  A quokka (D:2)
  7 ball pythons
  5 frilled lizards
  7 rats
79 creatures vanquished.

Vanquished Creatures (others)
  A bush (D:1)
  6 plants (D:1)
7 creatures vanquished.

Grand Total: 86 creatures vanquished

Table legend:
 A = Non-vault XP
 B = Vault XP
 C = Vault XP percentage of total XP
 D = Non-vault monster count
 E = Vault monster count
 F = Vault count percentage of total count
                 A         B        C        D         E       F
            +---------+---------+-------+---------+---------+-------
      Total |     348 |      84 |  19.4 |      70 |       9 |  11.4
            +---------+---------+-------+---------+---------+-------
        D:1 |      46 |       7 |  13.2 |      25 |       4 |  13.8
        D:2 |      82 |       4 |   4.7 |      19 |       2 |   9.5
        D:3 |      56 |      73 |  56.6 |      12 |       3 |  20.0
        D:4 |     164 |       0 |   0.0 |      14 |       0 |   0.0
            +---------+---------+-------+---------+---------+-------

Illustrated notes

Table legend:
 A = Kills in this place as a percentage of kills in entire the game.
 B = Kills by you in this place as a percentage of kills by you in the entire game.
 C = Kills by friends in this place as a percentage of kills by friends in the entire game.
 D = Other kills in this place as a percentage of other kills in the entire game.
 E = Experience gained in this place as a percentage of experience gained in the entire game.
 F = Experience gained in this place divided by the number of levels of this place that you have seen.
                   A       B       C       D       E      F
               +-------+-------+-------+-------+-------+----------------------
         Total | 100.0 | 100.0 |   N/A |   N/A | 100.0 |  86.4
       Dungeon | 100.0 | 100.0 |   N/A |   N/A | 100.0 | 108.0
               +-------+-------+-------+-------+-------+----------------------

Table legend: (Time is in decaauts)
 A = Elapsed time spent in this place.
 B = Non-inter-level travel time spent in this place.
 C = Inter-level travel time spent in this place.
 D = Time resting spent in this place.
 E = Time spent auto-exploring this place.
 F = Levels seen in this place.
 G = Mean time per level.
                   A        B        C        D        E       F      G
               +--------+--------+--------+--------+--------+-----+--------+
         Total |   3644 |   3542 |    102 |     16 |   2719 |   5 |  728.8 |
       Dungeon |   3461 |   3397 |     64 |     16 |   2586 |   4 |  865.2 |
        Temple |    182 |    144 |     38 |      0 |    133 |   1 |  182.0 |
               +--------+--------+--------+--------+--------+-----+--------+

Top non-repeatable levels by time:
     D:1: 1078 daAuts
     D:3: 880 daAuts
     D:2: 853 daAuts
     D:4: 649 daAuts
  Temple: 182 daAuts
